Map: [ESL] Ancient Cistern

Players

Clem - Winner!

  • Race: Terran Terran
  • Spawn Location: 7:00

GunGFuBanDa

  • Race: Protoss Protoss
  • Spawn Location: 1:00

Event: ESL SC2 Masters 2023 Summer (Regionals)

VOD

Have the link to the VOD?

Description

Time

  • Played on: May 12, 2023, 9:06 a.m.
  • Length: 5:27

All games in this series

Show
View Real Time Build Order
Export as new Build Order

Clem Terran - Winner!

Build Orders:  

Get SALT Encoding   

  12  0:00  SCV  
  13  0:12  SCV  
  14  0:16  Supply Depot  
  14  0:24  SCV  
  15  0:38  SCV  
  15  0:39  Barracks  
  16  0:44  Refinery  
  16  0:50  SCV  
  17  1:02  SCV  
  18  1:04  Engineering Bay  
  18  1:14  SCV  
  19  1:27  Orbital Command, Barracks Reactor  
  19  1:35  Supply Depot  
  19  1:54  SCV  
  20  2:02  Command Center  
  20  2:04  Reaper x2  
  20  2:07  SCV  
  23  2:16  Barracks  
  23  2:19  SCV  
  24  2:26  Barracks  
  24  2:31  SCV  
  24  2:36  Marine x2  
  27  2:40  Supply Depot  
  27  2:45  SCV  
  27  2:51  Refinery  
  28  2:54  Marine x2  
  28  2:57  SCV  
  31  3:04  Barracks Tech Lab  
  31  3:09  SCV  
  31  3:12  Marine x2  
  34  3:17  Barracks Tech Lab  
  34  3:19  Orbital Command  
  34  3:21  SCV  
  34  3:23  Marine  
  35  3:30  Stimpack  
  35  3:31  Marine x2  
  37  3:35  SCV  
  37  3:38  Combat Shield  
  37  3:40  Orbital Command, Marine  
  39  3:42  Marine  
  41  3:48  SCV  
  41  3:52  Marine x2  
  41  3:54  Supply Depot  
  42  4:02  SCV  
  43  4:03  Marauder  
  43  4:05  Marauder  
  43  4:08  SCV  
  48  4:13  Marine x2  
  48  4:14  SCV  
  51  4:18  Factory  
  51  4:21  SCV  
  52  4:25  Engineering Bay  
  52  4:26  SCV  
  52  4:27  Marine  
  52  4:28  Marine  
  55  4:33  SCV  
  55  4:35  Supply Depot  
  56  4:38  SCV  
  56  4:40  Marine x2  
  56  4:45  SCV  
  60  4:46  Supply Depot  
  60  4:50  SCV, Missile Turret  
  61  4:54  Marine  
  61  4:56  Marine  
  63  5:00  Marine  
  63  5:02  Marine  
  63  5:04  SCV x2  
  67  5:11  Starport  
  65  5:15  Factory Reactor  
Show
View Real Time Build Order
Export as new Build Order

GunGFuBanDa Protoss 

Build Orders:  

Get SALT Encoding   

  12  0:00  Probe  
  13  0:12  Probe  
  14  0:18  Pylon  
  14  0:24  Probe (Chrono Boost)  
  15  0:37  Probe (Chrono Boost), Gateway  
  16  0:44  Probe (Chrono Boost)  
  16  0:46  Assimilator  
  17  0:51  Probe  
  18  1:03  Probe  
  19  1:17  Probe (Chrono Boost)  
  20  1:25  Pylon  
  20  1:27  Cybernetics Core  
  20  1:29  Probe (Chrono Boost)  
  21  1:34  Probe (Chrono Boost)  
  22  1:43  Probe  
  23  1:55  Probe  
  23  1:59  Nexus  
  24  2:06  Stalker (Chrono Boost)  
  26  2:15  Probe, Assimilator  
  27  2:27  Adept  
  29  2:30  Probe  
  29  2:34  Warp Gate  
  30  2:43  Probe  
  31  2:47  Pylon  
  31  3:05  Probe  
  32  3:12  Twilight Council  
  29  3:17  Probe (Chrono Boost)  
  29  3:23  Probe (Chrono Boost)  
  29  3:29  Probe (Chrono Boost)  
  30  3:34  Probe x2 (Chrono Boost)  
  30  3:40  Gateway  
  31  3:43  Probe (Chrono Boost)  
  31  3:44  Probe (Chrono Boost)  
  31  3:45  Gateway  
  34  3:58  Probe (Chrono Boost)  
  34  4:01  Probe (Chrono Boost)  
  35  4:05  Probe (Chrono Boost)  
  35  4:07  Assimilator  
  35  4:08  Probe (Chrono Boost)  
  37  4:12  Probe  
  38  4:18  Robotics Facility  
  38  4:19  Probe  
  38  4:20  Probe  
  39  4:28  Probe  
  39  4:31  Nexus  
  40  4:32  Probe  
  40  4:36  Stalker  
  44  4:39  Probe  
  44  4:44  Probe  
  46  4:46  Stalker  
  46  4:48  Pylon  
  46  4:50  Stalker  
  46  4:52  Probe  
  51  4:56  Probe  
  50  5:03  Cybernetics Core  
  50  5:04  Stalker  
  52  5:10  Stalker  
  53  5:19  Stalker  
Tags
 
Add a new tag
Caveats
  • Supply blocks, unpowered buildings, or Contaminate may cause inaccurate times.
  • Supply counts are checked every 10 seconds.